AoeStats
← AhHeck

QS Arena

503123949Analyzed
1v1 RM · 1mo ago on Aug 30, 2026· 33m 54s· 2 players
Game mode
Random Map
Map size
Tiny (2 player)
Population
200
Speed
Normal
Resources
Standard
Victory
Conquest
Starting age
Dark Age
Ending age
Imperial Age
RankedLock teamsTeams togetherTeam positionsShared explorationLock speedFull tech treeHidden civsTurbo modeCheats
Victory
Defeat
🇬🇧 Bulgarians · United Kingdom
830
+53
🇹🇼 Aztecs · Taiwan
908
-20
AhHeck
8:22 Loom
12:01 Feudal Age
13:26 Wheelbarrow
12:58 Double-Bit Axe
12:58 Horse Collar
18:18 Town Watch
20:55 Castle Age
19:55 Gold Mining
19:56 Stone Mining
22:05 Hand Cart
21:50 Pikeman
22:33 Squires
22:23 Gambesons
22:02 Elite Skirmisher
22:47 Thumb Ring
25:07 Town Patrol
25:13 Heavy Plow
25:59 Stone Shaft Mining
26:28 Gold Shaft Mining
26:10 Bow Saw
27:17 Bloodlines
27:11 Husbandry
26:44 Light Cavalry
28:52 Forging
28:33 Fletching
28:43 Padded Archer Armor
28:44 Scale Mail Armor
31:02 Thumb Ring
36:43 Imperial Age
flash80102
8:20 Feudal Age
12:46 Castle Age
14:40 Double-Bit Axe
15:28 Horse Collar
18:01 Wheelbarrow
19:33 Heavy Plow
19:23 Loom
21:32 Man-at-Arms
22:41 Heresy
22:46 Long Swordsman
23:55 Sanctity
23:30 Gold Mining
24:43 Hand Cart
24:34 Murder Holes
28:28 Imperial Age
26:22 Town Watch
26:34 Stone Mining
26:46 Scale Mail Armor
27:11 Forging
28:53 Iron Casting
28:33 Chain Mail Armor
28:42 Gambesons
28:59 Squires
29:05 Fletching
29:05 Arson
30:25 Garland Wars
31:16 Blast Furnace
30:43 Bow Saw
31:46 Crop Rotation
33:01 Plate Mail Armor
31:55 Elite Jaguar Warrior
31:59 Two-Handed Swordsman
33:51 Town Patrol
Connection lost

Rejoining the realm…

Still unreachable

The connection could not be restored.

Session expired

The server has moved on; the page needs a fresh start.